 Dungeon Crawl Stone Soup version 0.25.1-2-g60ff931df9 (webtiles) character file.

Game seed: 3071835190947337162

117 DearestLeader the Ducker (level 4, 0/35 HPs)
             Began as a Demonspawn Gladiator on Oct 6, 2020.
             Slain by an orc priest
             ... wielding a +0 trident
              (9 damage)
             ... on level 3 of the Dungeon.
             The game lasted 00:03:58 (1774 turns).

DearestLeader the Ducker (Demonspawn Gladiator)     Turns: 1774, Time: 00:03:58

Health: 0/35       AC:  6    Str: 16    XL:     4   Next: 71%
Magic:  4/4        EV: 12    Int:  9    God:
Gold:   108        SH:  0    Dex: 14    Spells: 3/3 levels left

rFire    . . .     SeeInvis .   a - +0 trident
rCold    . . .     Gourm    .   (no shield)
rNeg     . . .     Faith    .   i - +0 ring mail
rPois    .         Spirit   .   c - +0 helmet
rElec    .         Reflect  .   (no cloak)
rCorr    .         Harm     .   (no gloves)
MR       .....                  (no boots)
Stlth    +.........             k - amulet of the acrobat
HPRegen  0.11/turn              (no ring)
MPRegen  0.09/turn              (no ring)

@: no status effects
A: talons 2
a: no special abilities


You were on level 3 of the Dungeon.
You were not hungry.

You visited 1 branch of the dungeon, and saw 3 of its levels.

You collected 108 gold pieces.

Inventory:

Hand Weapons
 a - a +0 trident (weapon)
Missiles
 d - 4 throwing nets
 r - 10 poisoned darts (quivered)
Armour
 b - a +0 leather armour
 c - a +0 helmet (worn)
 i - a +0 ring mail (worn)
Jewellery
 k - an amulet of the acrobat (around neck)
Scrolls
 j - 2 scrolls of remove curse
 m - a scroll of enchant weapon
 n - a scroll of magic mapping {unknown}
 p - a scroll of immolation {unknown}
 q - a scroll of blinking {unknown}
 s - a scroll of fear {unknown}
Potions
 e - 2 potions of heal wounds
 h - 2 potions of curing
 l - a potion of magic
 o - a potion of stabbing {unknown}
 t - 2 potions of berserk rage {unknown}
 u - a potion of flight {unknown}
Comestibles
 f - 6 rations
 g - a chunk of flesh


   Skills:
 + Level 3.0 Fighting
 - Level 3.0 Polearms
 - Level 1.7 Throwing
 + Level 1.8 Armour
 + Level 3.7 Dodging


You had 3 spell levels left.
You didn't know any spells.
Your spell library was empty.

Dungeon Overview and Level Annotations

Branches:
Dungeon (3/15)

Altars:
Wu Jian


Innate Abilities, Weirdness & Mutations

You have razor-sharp toenails.


Message History

Press: ? - help, Dir - move target cursor, f/p - orc priest
Aim: an orc priest, wielding a +0 trident and wearing a +0 scale mail (poisoned)
You reach to attack!
You hit the orc priest but do no damage.
The orc priest barely misses you.
Attack whom?
Press: ? - help, Dir - move target cursor, f/p - orc priest
Aim: an orc priest, wielding a +0 trident and wearing a +0 scale mail (lightly wounded, poisoned)
You reach to attack!
You closely miss the orc priest.
The orc priest is lightly wounded.
The orc priest closely misses you.
The orc priest invokes the aid of Beogh against you.
Beogh smites you!
* * * LOW HITPOINT WARNING * * *
Things that are here:
a +0 dagger; a +0 robe You hit the orc priest but do no damage.
The orc priest is heavily wounded.
The orc priest hits you with a +0 trident!
You die...

..# #.# #.# #.# ##
#.################ ..
#.#..............# #.
#.#.############.# #.
#<#.# #.# . ##. #@#.#
#.# (..(#..#####o#.#
#.#
_(.o(....o.(o..######
#.#
....#####.##........#
#.# . #.###.#####.#
#.# #.# #.# #.# #.#
#.# #.# #.# #.. #.#
#.# #..# #.#


You could see an orc priest (poisoned) and an orc.

Vanquished Creatures
  2 adders (D:2)
  A gnoll (D:1)
  2 oozes (D:1)
  A worm (D:2)
  A dart slug (D:2)
  2 orcs (D:3)
  2 ball pythons (D:1)
  3 giant cockroaches
  4 goblins
  10 hobgoblins
  4 jackals (D:2)
  3 quokkas (D:2)
  4 bats
  5 kobolds
  10 rats
54 creatures vanquished.

Vanquished Creatures (others)
  An orc wizard (D:3)
1 creature vanquished.

Grand Total: 55 creatures vanquished

Notes
Turn   | Place    | Note
-------+----------+-------------------------------------------
     0 | D:1      | DearestLeader the Demonspawn Gladiator began the quest for
                  | the Orb.
     0 | D:1      | Reached XP level 1. HP: 16/16 MP: 1/1
   172 | D:1      | Gained mutation: You have sharp toenails. [demonic
                  | ancestry]
   172 | D:1      | Reached XP level 2. HP: 21/22 MP: 2/2
   505 | D:1      | Reached XP level 3. HP: 25/28 MP: 3/3
   762 | D:1      | Reached skill level 1 in Armour
  1092 | D:2      | Gained mutation: You have razor-sharp toenails. [demonic
                  | ancestry]
  1092 | D:2      | Reached XP level 4. HP: 25/34 MP: 4/4
  1752 | D:3      | Found an ornate altar of the Wu Jian Council.
  1774 | D:3      | Slain by an orc priest

Illustrated notes

Levels and vault maps discovered:
D:1:      onia_arrival_handbag, layout_basic, grunt_decor_arrowhead
D:2:      layout_rooms
D:3:      layout_loops_ring, lemuel_round_altar, skrybe_limestone_x, uniq_ijyb,
          uniq_terence

Skill      XL: |  1  2  3  4 |
---------------+-------------+-----
Polearms       | 3 |  3.0
Dodging        | 3 |  3.7
Armour         | 1 |  1.8
Fighting       | 3 |  3.0
Throwing       | |  1.7

Action                   |  1- 3 |  4- 6 || total
-------------------------+-------+-------++-------
Melee: Trident           |    86 |    46 ||   132
       Short sword       |    40 |       ||    40
       Kick              |    18 |    10 ||    28
Throw: Dart              |       |     8 ||     8
  Use: Scroll            |     2 |     3 ||     5
 Stab: Sleeping          |     2 |       ||     2
  Eat: Chunk             |     1 |     2 ||     3
Armor: Leather armour    |     2 |       ||     2
       Ring mail         |    28 |    12 ||    40
Dodge: Dodged            |    79 |    37 ||   116
